 Dungeon Crawl Stone Soup version 0.19-a0-811-gf4045fb (webtiles) character file.

4425 Ijustatesigmund the Cleaver (level 10, -2/82 HPs)
             Began as a Formicid Fighter on June 28, 2016.
             Was a Priest of Cheibriados.
             Slain by a ten-headed hydra (7 damage)
             ... on level 8 of the Dungeon.
             The game lasted 00:24:38 (7265 turns).

Ijustatesigmund the Cleaver (Formicid Fighter)      Turns: 7265, Time: 00:24:39

Health: -2/82      AC: 12    Str: 33    XL:     10   Next: 62%
Magic:  10/10      EV: 15    Int: 17    God:    Cheibriados [***...]
Gold:   481        SH: 12    Dex: 21    Spells: 0 memorised, 9 levels left

rFire  + + .     SeeInvis +     B - +3 battleaxe (venom)
rCold  . . .     Gourm    .     b - +0 scale mail
rNeg   . . .     Faith    .     c - +0 shield
rPois  .         Spirit   .     (helmet unavailable)
rElec  .         Dismiss  .     w - +0 cloak
rCorr  .         Reflect  .     (no gloves)
SustAt .         Harm     .     d - +2 pair of boots of the Wilderness {rF++}
MR     +....     Clarity  +     (no amulet)
Stlth  ..........               x - +1 ring of protection
                                n - +4 ring of evasion

@: mighty, very slightly contaminated, invisible, very slow, somewhat resistant
to hostile enchantments, extremely unstealthy
A: permanent stasis, dig shafts and tunnels, four strong arms, antennae 3,
clarity
a: Dig, Shaft Self, Bend Time, Temporal Distortion, Renounce Religion


You were on level 8 of the Dungeon.
You worshipped Cheibriados.
Cheibriados was most pleased with you.
You were not hungry.

You visited 2 branches of the dungeon, and saw 9 of its levels.
You also visited: Ossuary.

You collected 571 gold pieces.
You spent 90 gold pieces at shops.

Inventory:

Hand Weapons
 a - a +1 war axe
 g - a +2 hunting sling of freezing
 B - a +3 battleaxe of venom (weapon)
Missiles
 z - 37 sling bullets
Armour
 b - a +0 scale mail (worn)
 c - a +0 shield (worn)
 d - the +2 pair of boots of the Wilderness (worn) {rF++}
   (You found it on level 4 of the Dungeon)

   It greatly protects you from fire.
 w - a +0 cloak (worn)
Jewellery
 n - a +4 ring of evasion (left hand)
 x - a +1 ring of protection (right hand)
Wands
 k - a wand of lightning (11/15)
Scrolls
 p - 5 scrolls of remove curse
 u - 3 scrolls of immolation
Potions
 e - 5 potions of curing
 h - 4 potions of haste
 i - 2 potions of lignification
 l - 2 potions of flight
 q - a potion of resistance
 r - 3 potions of agility
 t - 2 potions of heal wounds
 C - a potion of berserk rage
 E - a potion of ambrosia {unknown}
 F - a potion of mutation {unknown}
Books
 o - a Necronomicon

   Spells                             Type                      Level
   a - Haunt                          Necromancy/Summoning         7
   b - Borgnjor's Revivification      Necromancy                   8
   c - Death's Door                   Charms/Necromancy            8
   d - Infestation                    Necromancy                   8
   e - Necromutation                  Transmutation/Necromancy     8
 y - a book of Alchemy

   Spells                             Type                      Level
   a - Sublimation of Blood           Necromancy                   2
   b - Ignite Poison                  Fire/Transmutation/Poison    3
   c - Petrify                        Transmutation/Earth          4
   d - Alistair's Intoxication        Transmutation/Poison         5
   e - Irradiate                      Conjuration/Transmutation    5
 A - a book of Geomancy

   Spells                             Type                      Level
   a - Sandblast                      Earth                        1
   b - Passwall                       Transmutation/Earth          2
   c - Stone Arrow                    Conjuration/Earth            3
   d - Petrify                        Transmutation/Earth          4
   e - Lee's Rapid Deconstruction     Earth                        5
Comestibles
 f - 11 bread rations
 j - 5 meat rations
 s - a beef jerky
 v - 9 slices of pizza


   Skills:
 + Level 8.6 Fighting
 - Level 11.4 Axes
 - Level 5.0 Armour
 + Level 2.2 Dodging
 - Level 6.2 Shields


You had 9 spell levels left.
You didn't know any spells.

Dungeon Overview and Level Annotations

Branches:
Dungeon (8/15)             Temple (1/1) D:6            Lair (0/6) D:8

Altars:
Ashenzari
Cheibriados
Dithmenos
Elyvilon
Fedhas
Gozag
Hepliaklqana
Kikubaaqudgha
Makhleb
Nemelex Xobeh
Okawaru
Pakellas
Qazlal
Ru
Sif Muna
Trog
Uskayaw
Vehumet
Xom
Yredelemnul
Zin
The Shining One

Shops:
D:4 }   D:5 !   D:8 :


Innate Abilities, Weirdness & Mutations

You are under a permanent stasis effect.
You can dig through walls and to a lower floor.
Your four strong arms can wield two-handed weapons with a shield.
You have a pair of large antennae on your head. (SInv)
You possess an exceptional clarity of mind.


Message History

The nine-headed hydra bites you. The nine-headed hydra bites you!
* * * LOW HITPOINT WARNING * * *
You block the nine-headed hydra's attack.
The nine-headed hydra closely misses you.
The nine-headed hydra completely misses you. x2
The nine-headed hydra closely misses you.
The nine-headed hydra bites you but does no damage.
You hack one of the nine-headed hydra's heads off!
The eight-headed hydra grows two more!
You slice the ten-headed hydra!!
The ten-headed hydra is heavily wounded.
The ten-headed hydra completely misses you.
The ten-headed hydra closely misses you.
The ten-headed hydra bites you but does no damage.
You block the ten-headed hydra's attack.
The ten-headed hydra bites you but does no damage.
The ten-headed hydra bites you!
* * * LOW HITPOINT WARNING * * *
The ten-headed hydra bites you but does no damage.
The ten-headed hydra misses you. The ten-headed hydra bites you!
You die...

.......# #.#
#.####..######## .......#
#.# #.#.............
.......# #.#
#.#.###..._.....
.......#######.#
#.#.###.......#.
...............#
#.#.##..........
#..#############
#.#.......⌠..... .###
****##########..........#
.#
*,,,#...#...####._..._..#
.# *,{,+..D@...#
#........# .#
*,,,#..Z#...# ###...#..#
.# ****##+###'## #####..#
.# *,,,#).{#...# #.## .#
*,{,#...#..^# #.## .#
*,,,#(.}#...# #.##
.########*+*######'##
##.##
..).....#,,{#...#...#
#..##
#####...#,,,+...'...#
##.###


You could see a ten-headed hydra and an adder zombie.

Vanquished Creatures
  An ugly thing (D:8)
  A komodo dragon (D:8)
  A human (D:7)
  A hog (D:7)
  A hippogriff (D:7)
  An ice beast (D:6)
  An orc warrior (D:7)
  A sky beast (D:4)
  A phantom (D:7)
  A centaur (D:7)
  An ogre (D:7)
  3 crocodiles (D:8)
  A giant frog (D:8)
  A scorpion (D:8)
  2 vampire bats (D:5)
  15 wights
  5 crimson imps
  A centaur zombie (D:8)
  5 orc priests
  4 jellies
  A giant frog skeleton (D:7)
  4 hounds
  A centaur skeleton (D:4)
  4 iguanas
  4 worker ants
  10 orc wizards
  3 sheep (D:7)
  A big kobold zombie (Ossuary)
  A hound skeleton (D:4)
  8 mummies (Ossuary)
  A worker ant zombie (D:6)
  10 gnolls
  10 adders
  10 river rats (D:5)
  3 shadow imps
  An adder skeleton (D:6)
  An adder zombie (D:6)
  A worm (D:6)
  4 dart slugs
  7 giant geckos
  36 orcs
  4 ball pythons
  9 bats
  4 giant cockroaches
  4 goblins
  8 hobgoblins
  11 jackals
  A quokka (D:6)
  A giant gecko skeleton (D:7)
  9 giant newts
  2 gnoll zombies (Ossuary)
  A hobgoblin zombie (Ossuary)
  8 kobolds
  3 kobold zombies (Ossuary)
  An orc zombie (Ossuary)
  28 rats
263 creatures vanquished.

Vanquished Creatures (others)
  A rat (D:3)
1 creature vanquished.

Grand Total: 264 creatures vanquished

Notes
Turn   | Place    | Note
--------------------------------------------------------------
     0 | D:1      | Ijustatesigmund the Formicid Fighter began the quest for the Orb.
     0 | D:1      | Reached XP level 1. HP: 18/18 MP: 1/1
    72 | D:1      | Reached XP level 2. HP: 23/24 MP: 2/2
   109 | D:1      | Reached XP level 3. HP: 18/30 MP: 3/3
   517 | D:1      | Reached skill level 3 in Axes
   946 | D:2      | Reached XP level 4. HP: 37/37 MP: 4/4
  1532 | D:3      | Found a hazy altar of Hepliaklqana.
  1657 | D:3      | Reached XP level 5. HP: 30/43 MP: 5/5
  1709 | D:3      | Reached skill level 5 in Fighting
  1807 | D:3      | Found an oddly glowing altar of Pakellas.
  1850 | D:3      | Reached skill level 4 in Axes
  1870 | D:3      | Reached XP level 6. HP: 51/51 MP: 6/6
  2183 | D:4      | Noticed a sky beast
  2195 | D:4      | Killed a sky beast
  2195 | D:4      | Reached skill level 5 in Axes
  2195 | D:4      | Reached XP level 7. HP: 8/58 MP: 7/7
  2448 | D:4      | Got a pair of heavily runed boots
  2472 | D:3      | Identified the +2 pair of boots of the Wilderness {rF++} (You found it on level 4 of the Dungeon)
  2622 | D:4      | Found Zin's Purification Station.
  2639 | D:4      | Found a glowing silver altar of Zin.
  2644 | D:4      | Bought a potion of curing for 90 gold pieces
  2689 | D:4      | Found Umerhyer's Gadget Emporium.
  3087 | D:5      | Entered Level 5 of the Dungeon
  3145 | D:5      | Reached XP level 8. HP: 65/65 MP: 8/8
  3183 | D:5      | Found Juett's Distillery.
  3697 | D:5      | Reached skill level 5 in Shields
  3699 | D:5      | Reached skill level 6 in Axes
  3939 | D:5      | Found an iron altar of Okawaru.
  4078 | D:6      | Found a staircase to the Ecumenical Temple.
  4092 | Temple   | Entered the Ecumenical Temple
  4328 | Temple   | Became a worshipper of Cheibriados the Contemplative
  4363 | D:6      | Reached skill level 5 in Armour
  4685 | D:6      | Found a bloodstained altar of Trog.
  4688 | D:6      | Found a basalt altar of Yredelemnul.
  4691 | D:6      | Found a sparkling altar of Nemelex Xobeh.
  4778 | D:6      | Reached XP level 9. HP: 66/73 MP: 9/9
  4786 | D:6      | Reached * piety under Cheibriados
  5044 | D:6      | Reached skill level 7 in Axes
  5255 | D:7      | Reached skill level 8 in Axes
  5564 | D:7      | Reached ** piety under Cheibriados
  5584 | D:7      | Reached skill level 9 in Axes
  5926 | D:7      | Reached skill level 10 in Axes
  5926 | D:7      | Reached XP level 10. HP: 72/80 MP: 10/10
  6022 | D:8      | Found a staircase to the Lair.
  6038 | D:8      | Noticed a komodo dragon
  6060 | D:8      | Killed a komodo dragon
  6060 | D:8      | Reached skill level 11 in Axes
  6155 | D:8      | Found a white marble altar of Elyvilon.
  6158 | D:8      | Found a radiant altar of Vehumet.
  6158 | D:8      | Found a blossoming altar of Fedhas.
  6177 | D:8      | Found a sand-covered staircase.
  6193 | Ossuary  | Entered an ossuary
  6228 | Ossuary  | Reached *** piety under Cheibriados
  6545 | Ossuary  | Gained mutation: You possess an exceptional clarity of mind. [potion of beneficial mutation]
  6739 | D:8      | Found Noaxt's Book Boutique.
  6811 | D:8      | Reached skill level 1 in Dodging
  7151 | D:8      | Noticed a red ugly thing
  7159 | D:8      | Killed a red ugly thing
  7249 | D:8      | Noticed a four-headed hydra
  7259 | D:8      | Noticed a seven-headed hydra
  7265 | D:8      | Slain by a ten-headed hydra

Vault maps used:
D:1:      dpeg_arrival_court, minmay_misc_feat_hallway, dk_noncrumbling_2,
          kennysheep_nondescript, corexii_corridor_pit, minmay_misc_feat_roman,
          minmay_crystal_water, minmay_ruptured
D:3:      lemuel_doored_altar, first_bread, grunt_pakellas_basics
D:4:      zin_purify, serial_shops, shop, st_stairs_6
D:5:      lemuel_ratsnest, serial_shops, shop, roderic_batcave,
          kennysheep_okawaru_gauntlet
D:6:      grunt_temple_overflow_diamond, serial_curves, eino_curves_02,
          eino_curves_04
D:7:      grunt_livestock, nicolae_benzene_ring
D:8:      grunt_temple_overflow_open, dpeg_lair_monsters, serial_shops,
          shop_fountains, nicolae_ossuary_entry_monument, minmay_evil_grid
Temple:   eino_temple_water
Ossuary:  ossuary_tomb_3

Skill      XL: |  1  2  3  4  5  6  7  8  9 10 |
---------------+-------------------------------+-----
Fighting       | 4 5 6 7 8 |  8.6
Axes           | 3 4 5 6 10 11 | 11.4
Shields        | 4 6 |  6.2
Armour         | 4 5 |  5.0
Dodging        | 2 |  2.2

Action                   |  1- 3 |  4- 6 |  7- 9 | 10-12 || total
-------------------------+-------+-------+-------+-------++-------
Melee: War axe           |    90 |   146 |   254 |       ||   490
       Battleaxe         |       |       |   114 |   138 ||   252
 Abil: Dig               |       |       |       |     3 ||     3
  Use: Scroll            |     2 |     9 |    11 |     4 ||    26
       Potion            |       |     2 |       |     7 ||     9
 Stab: Invisible         |       |       |       |     1 ||     1
  Eat: Chunk             |       |     4 |     8 |     1 ||    13
       Beef jerky        |       |       |     2 |     2 ||     4
Armor: Scale mail        |    36 |    72 |   136 |    37 ||   281
Dodge: Dodged            |    39 |    59 |   171 |    62 ||   331
Block: Shield            |    53 |    75 |   239 |    73 ||   440
